 Dungeon Crawl Stone Soup version 0.31.0-11-ge490571c62 (webtiles) character file.

Game seed: 18389070136750567991

1501 hawla the Conjurer (level 8, 0/44 HPs)
             Began as a Deep Elf Earth Elementalist on Jan 29, 2024.
             Was an Initiate of Vehumet.
             Slain by a sleepcap (10 damage)
             ... on level 7 of the Dungeon.
             The game lasted 00:25:21 (6670 turns).

hawla the Conjurer (Deep Elf Earth Elementalist)    Turns: 6670, Time: 00:25:21

Health: 0/44       AC:  5    Str:  5    XL:     8   Next: 52%
Magic:  2/14       EV:  2    Int: 23    God:    Vehumet [......]
Gold:   217        SH:  0    Dex: 15    Spells: 5/13 levels left

rFire   . . .        a - +0 quarterstaff (vamp)
rCold   . . .        (shield currently unavailable)
rNeg    + + .        f - +1 robe "Jalaomyrph" {^Drain rElec rN++ SInv}
rPois   .            (no helmet)
rElec   +            (no cloak)
rCorr   .            d - +0 pair of gloves
SInv    +            c - +0 pair of boots
Will    +....        e - amulet of reflection
Stlth   ++           n - ring of willpower
HPRegen 0.27/turn    (no ring)
MPRegen 0.14/turn

%: reflection
@: sleeping
A: no striking features
a: Renounce Religion


You were on level 7 of the Dungeon.
You worshipped Vehumet.
Vehumet was noncommittal.
You visited 2 branches of the dungeon, and saw 8 of its levels.

You collected 340 gold pieces.
You spent 123 gold pieces at shops.

Inventory:

Hand Weapons
 a - a +0 vampiric quarterstaff (weapon)
Armour
 c - a +0 pair of boots (worn)
 d - a +0 pair of gloves (worn)
 f - the +1 robe "Jalaomyrph" (worn) {^Drain rElec rN++ SInv}
   (You found it on level 4 of the Dungeon)

   rElec:     It insulates you from electricity.
   rN++:      It greatly protects you from negative energy.
   SInv:      It lets you see invisible.
   ^Drain:    It drains your maximum health when unequipped.
Jewellery
 e - an amulet of reflection (around neck)
 n - a ring of willpower (left hand)
Wands
 b - a wand of light (13)
 o - a wand of flame (48) (quivered)
Potions
 g - 2 potions of curing
 h - a potion of attraction
 i - a potion of lignification
 j - a potion of magic
 k - a potion of heal wounds


   Skills:
 - Level 2.0 Fighting
 + Level 6.4 Staves
 - Level 4.0 Dodging
 - Level 3.0 Stealth
 - Level 3.0 Spellcasting
 - Level 7.0 Conjurations
 - Level 4.0 Earth Magic
 - Level 3.0 Evocations


You had 5 spell levels left.
You knew the following spells:

 Your Spells              Type           Power      Damage    Failure   Level
a - Sandblast             Erth           42%        2d11      2%          1
b - Stone Arrow           Conj/Erth      56%        3d10      3%          3
c - Brom's Barrelling Bo  Conj/Erth      28%        2d5       12%         4

Your spell library contained the following spells:

 Spells                   Type           Power      Damage    Failure   Level
 Passwall                 Erth           21%        N/A       7%          3
 Scorch                   Fire           6%         2d5       17%         2
 Flame Wave               Conj/Fire      19%        2d7       26%         4
 Petrify                  Alch/Erth      12%        N/A       45%         4
 Summon Cactus Giant      Summ           1%         N/A       100%        6


Dungeon Overview and Level Annotations

Branches:
Dungeon (7/15)             Temple (1/1) D:6

Altars:
Ashenzari
Dithmenos
Elyvilon
Fedhas
Gozag
Hepliaklqana
Kikubaaqudgha
Makhleb
Nemelex Xobeh
Okawaru
Ru
Sif Muna
Trog
Uskayaw
Vehumet
Wu Jian
Xom
Yredelemnul
Zin
The Shining One
Lugonu

Shops:
D:6 *

Portals:
Abyss: D:3


Message History

The sleepcap releases spores at you.
You are engulfed in a cloud of soporific spores!
You fall asleep.
The sleepcap barely misses you.
Your magical contamination has completely faded away.
The sleepcap releases spores at you!!
You wake up.
You hit the sleepcap.
You feel better.
The sleepcap is moderately damaged.
The sleepcap releases spores at you.
You hit the sleepcap.
You feel better.
The sleepcap is heavily damaged.
The sleepcap releases spores at you!
You are engulfed in a cloud of soporific spores!
You are unaffected.
You completely miss the sleepcap.
The sleepcap is heavily damaged.
You block the sleepcap's attack.
You hit the sleepcap but do no damage.
The sleepcap is heavily damaged.
The sleepcap releases spores at you!
* * * LOW HITPOINT WARNING * * *
You are engulfed in a cloud of soporific spores!
You are unaffected.
Casting: Sandblast (safe; 2% risk of failure)
Confirm with . or Enter, or press ? or * to list all spells.
You don't have enough magic to cast this spell.
Casting: Sandblast (safe; 2% risk of failure)
Confirm with . or Enter, or press ? or * to list all spells.
Aiming: Sandblast (safe; 2% risk of failure)
Press: ? - help, Shift-Dir - straight line, f - sleepcap
Aim: a sleepcap (heavily damaged, 100% to hit)
The blast of sand hits the sleepcap but does no damage.
The sleepcap is heavily damaged.
The sleepcap releases spores at you but does no damage.
The sleepcap releases spores at you.
* * * LOW HITPOINT WARNING * * *
You are engulfed in a cloud of soporific spores!
You fall asleep.
The sleepcap releases spores at you!
You die...

#### ### #..
..# . #f# #.#
#...####@#####
#.#
#))..)......#
#.#
#.#####.###.#
#.# #.# #.#
#.#
#.###.###.###
#.........[.#
#####.#####.#
##....##.#
###...#.##.#


You could see a sleepcap.

Vanquished Creatures
  Sigmund (D:4)
  A yak (D:6)
  An ice beast (D:5)
  A phantom (D:5)
  A bullfrog (D:6)
  A scorpion (D:6)
  3 wights (D:7)
  A howler monkey (D:6)
  An orc priest (D:7)
  A bombardier beetle (D:6)
  A jelly (D:4)
  3 hounds
  4 iguanas
  2 sleepcaps
  Natasha (thrice) (D:4)
  3 orc wizards
  4 adders
  A white imp (D:5)
  4 ufetubi (D:5)
  2 dart slugs
  A ribbon worm (D:2)
  25 orcs
  8 ball pythons
  8 endoplasms
  5 giant cockroaches
  9 hobgoblins
  10 jackals
  4 quokkas
  8 bats
  A frilled lizard (D:2)
  7 goblins
  9 kobolds
  7 rats
  A spectral goblin (D:2)
142 creatures vanquished.

Vanquished Creatures (collateral kills)
  2 orcs (D:7)
  2 boulders
4 creatures vanquished.

Vanquished Creatures (others)
  10 boulders
10 creatures vanquished.

Grand Total: 156 creatures vanquished

Notes
Turn   | Place    | Note
-------+----------+-------------------------------------------
     0 | D:1      | hawla the Deep Elf Earth Elementalist began the quest for
                  | the Orb.
     0 | D:1      | Reached XP level 1. HP: 10/10 MP: 6/6
    58 | D:1      | Reached skill level 2 in Conjurations
   159 | D:1      | Reached XP level 2. HP: 15/15 MP: 6/8
   306 | D:1      | Reached skill level 3 in Conjurations
   424 | D:1      | Reached XP level 3. HP: 4/19 MP: 3/9
   517 | D:1      | Learned a level 3 spell: Stone Arrow
   971 | D:2      | Reached skill level 4 in Conjurations
   974 | D:2      | Reached XP level 4. HP: 13/24 MP: 8/10
  1634 | D:2      | Found a faded altar of an unknown god.
  2004 | D:3      | Found a large runed translucent door.
  2005 | D:3      | Found a large runed translucent door.
  2005 | D:3      | Found a corrupted altar of Lugonu.
  2044 | D:3      | Found a one-way gate to the infinite horrors of the Abyss.
  2229 | D:3      | Reached skill level 5 in Conjurations
  2327 | D:3      | Reached XP level 5. HP: 28/28 MP: 4/11
  2427 | D:3      | Learned a level 4 spell: Brom's Barrelling Boulder
  2429 | D:3      | Found an iron altar of Okawaru.
  3091 | D:4      | Reached skill level 1 in Evocations
  3095 | D:4      | Identified the +1 robe "Jalaomyrph" {^Drain rElec rN++
                  | SInv}
  3352 | D:4      | Noticed Sigmund
  3455 | D:4      | Killed Sigmund
  3456 | D:4      | Reached XP level 6. HP: 29/32 MP: 0/12
  3598 | D:4      | Found a white marble altar of Elyvilon.
  3598 | D:4      | Found an opulent altar of Gozag.
  3610 | D:4      | Reached skill level 6 in Conjurations
  3740 | D:4      | Found a sparkling altar of Nemelex Xobeh.
  3927 | D:4      | Found a shimmering blue altar of Sif Muna.
  3934 | D:4      | Noticed Natasha
  3945 | D:4      | Killed Natasha
  4063 | D:4      | Noticed Natasha
  4075 | D:4      | Killed Natasha
  4076 | D:4      | Reached XP level 7. HP: 24/36 MP: 8/13
  4170 | D:5      | Entered Level 5 of the Dungeon
  4176 | D:5      | Reached skill level 7 in Conjurations
  4198 | D:5      | Reached skill level 1 in Fighting
  4464 | D:4      | Noticed Natasha
  4470 | D:4      | Killed Natasha
  4582 | D:5      | Reached skill level 1 in Staves
  5341 | D:5      | Found a hazy altar of Hepliaklqana.
  5390 | D:6      | Found a staircase to the Ecumenical Temple.
  5429 | Temple   | Entered the Ecumenical Temple
  5439 | Temple   | Became a worshipper of Vehumet
  5457 | D:6      | Identified the +0 leather armour "Boshruzets" {rElec Int+2}
  5598 | D:6      | Reached XP level 8. HP: 25/44 MP: 0/14
  5741 | D:6      | Found Badil's General Store.
  5749 | D:6      | Bought a scroll of brand weapon for 123 gold pieces
  5920 | D:6      | Noticed a two-headed ogre
  5928 | D:6      | Noticed a two-headed ogre
  6216 | D:6      | Reached skill level 5 in Staves
  6670 | D:7      | Slain by a sleepcap

Illustrated notes

Levels and vault maps discovered:
D:1:      dpeg_arrival_round_b, layout_basic, minmay_unequal
D:2:      layout_rooms, dreamdust_ecumenical_altar_drowned_temple,
          minmay_tiny_reverse_x
D:3:      due_chaos_kobolds, layout_basic, lemuel_tele_altar,
          chequers_serial_rivers_micro_a
D:4:      layout_rooms, nicolae_overflow_macrodata_refinement, uniq_sigmund,
          uniq_natasha
D:5:      layout_rooms, lemuel_coloured_pillars_altar
D:6:      minmay_cornered_nines, layout_basic, minmay_temple_entry_stoned_glass,
          serial_shops, shop
D:7:      nicolae_cairo_tiling_large, layout_loops_corners,
          ebering_ghost_disaster_area, uniq_jeremiah
Temple:   nicolae_temple_two_arcs

Skill      XL: |  1  2  3  4  5  6  7  8 |
---------------+-------------------------+-----
Conjurations   | 2 3 4 5 6 7 |  7.0
Dodging        | 3 4 |  4.0
Evocations     | 3 |  3.0
Stealth        | 3 |  3.0
Fighting       | 2 |  2.0
Earth Magic    | 4 |  4.0
Staves         | 3 6 |  6.4
Spellcasting   | |  3.0

Action                     |  1- 3 |  4- 6 |  7- 9 || total
---------------------------+-------+-------+-------++-------
  Melee: Unarmed           |       |     7 |    17 ||    24
         Quarterstaff      |       |       |    85 ||    85
   Cast: Sandblast         |    54 |    73 |    18 ||   145
         Stone Arrow       |     2 |    25 |    26 ||    53
         Brom's Barrelling |       |     8 |    15 ||    23
  Evoke: Wand              |       |     4 |       ||     4
    Use: Scroll            |     1 |     6 |     3 ||    10
         Potion            |     1 |     4 |     5 ||    10
 Armour: Robe              |    42 |    39 |    96 ||   177
         Skin              |       |       |    41 ||    41
  Dodge: Dodged            |    37 |    38 |   136 ||   211
  Block: Other             |     1 |    13 |    47 ||    61
         Reflection        |       |     1 |     1 ||     2
